 Dungeon Crawl Stone Soup version 0.29-a0-25-g7f48f510a0 (webtiles) character file.

Game seed: 6038419079683602270

89 crazypyro the Chopper (level 4, 0/35 HPs)
             Began as a Demonspawn Berserker on Jan 31, 2022.
             Was a Follower of Trog.
             Slain by a scorpion zombie (2 damage)
             ... on level 3 of the Dungeon.
             The game lasted 00:02:47 (2432 turns).

crazypyro the Chopper (Demonspawn Berserker)        Turns: 2432, Time: 00:02:47

Health: 0/35       AC:  8    Str: 20    XL:     4   Next: 31%
Magic:  4/4        EV: 10    Int:  8    God:    Trog [*.....]
Gold:   56         SH:  0    Dex: 12    Spells: 3/3 levels left

rFire   . . .      SeeInvis .   a - +0 hand axe
rCold   . . .      Faith    .   (no shield)
rNeg    . . .      Spirit   .   e - +0 scale mail
rPois   .          Reflect  .   (helmet restricted)
rElec   .          Harm     .   (no cloak)
rCorr   .          Rampage  .   (no gloves)
Will    .....                   (no boots)
Stlth   ..........              (no amulet)
HPRegen 0.11/turn               (no ring)
MPRegen 0.09/turn               (no ring)

@: no status effects
A: antennae 1, yellow scales 1
a: Renounce Religion, Berserk


You were on level 3 of the Dungeon.
You worshipped Trog.
Trog was aware of your devotion.
You visited 1 branch of the dungeon, and saw 3 of its levels.

You collected 56 gold pieces.

Inventory:

Hand Weapons
 a - a +0 hand axe (weapon)
Armour
 b - a +0 animal skin
 e - a +0 scale mail (worn)
Scrolls
 c - a scroll of immolation {unknown}
 f - a scroll of enchant armour {unknown}
 g - 3 scrolls of identify {unknown}
 i - a scroll of blinking {unknown}
 k - a scroll of amnesia {unknown}
 l - a scroll of enchant weapon {unknown}
Potions
 d - a potion of mutation {unknown}
 h - 2 potions of might {unknown}
 j - a potion of curing {unknown}


   Skills:
 - Level 3.0 Fighting
 * Level 4.7 Axes
 - Level 1.7 Armour
 - Level 1.7 Dodging


You had 3 spell levels left.
You didn't know any spells.
Your spell library was empty.

Dungeon Overview and Level Annotations

Branches:
Dungeon (3/15)

Altars:
Makhleb

Shops:
D:2 (


Innate Abilities, Weirdness & Mutations

You have a pair of small antennae on your head.
You are partially covered in yellow scales. (AC +2)


Message History

The orc is severely wounded.
A kobold comes into view.
It is wielding a +0 club and quivering poisoned darts.
The orc barely misses you. The orc hits you with a +0 trident.
* * * LOW HITPOINT WARNING * * *
You slash the orc!
You kill the orc!
Trog accepts your kill.
You hit the scorpion zombie. The scorpion zombie barely misses you.
You hit the scorpion zombie.
The scorpion zombie is moderately damaged.
The scorpion zombie hits you.
* * * LOW HITPOINT WARNING * * *
The scorpion zombie hits you.
* * * LOW HITPOINT WARNING * * *
You hit the scorpion zombie.
The scorpion zombie is heavily damaged.
You hit the kobold but do no damage. You hit the kobold.
The kobold is severely wounded.
You hit the scorpion zombie. The kobold hits you but does no damage.
The scorpion zombie hits you.
* * * LOW HITPOINT WARNING * * *
You slash the kobold!
You kill the kobold!
Trog accepts your kill.
You hit the scorpion zombie but do no damage.
The scorpion zombie barely misses you.
You hit the scorpion zombie.
The scorpion zombie is heavily damaged.
The scorpion zombie closely misses you.
You completely miss the scorpion zombie.
The scorpion zombie is heavily damaged.
The scorpion zombie barely misses you.
You barely miss the scorpion zombie.
The scorpion zombie is heavily damaged.
The scorpion zombie hits you but does no damage.
You hit the scorpion zombie but do no damage.
The scorpion zombie is heavily damaged.
The scorpion zombie hits you.
You die...

#.# ... .. ..
..###'###### ....#.
#...)....... . ...#.
#... .......
#.##.#.###.. .......
...........###....#
.......##..†Z#....#
##........?@).)...#
.............#...8..P
.......<............8
..........####.##....
......##### .# P..
...... .# ## ..... ..
..... .. ####


You could see a scorpion zombie.

Vanquished Creatures
  A water moccasin skeleton (D:3)
  An orc (D:3)
  6 endoplasms
  2 giant cockroaches
  6 hobgoblins
  A quokka (D:1)
  A ball python (D:2)
  6 bats
  4 frilled lizards
  2 goblins (D:1)
  6 kobolds
  4 rats
40 creatures vanquished.

Vanquished Creatures (others)
  3 plants (D:1)
  2 withered plants (D:1)
5 creatures vanquished.

Grand Total: 45 creatures vanquished

Notes
Turn   | Place    | Note
-------+----------+-------------------------------------------
     0 | D:1      | crazypyro the Demonspawn Berserker began the quest for the
                  | Orb.
     0 | D:1      | Reached XP level 1. HP: 18/18 MP: 1/1
   109 | D:1      | Reached skill level 3 in Axes
   302 | D:1      | Gained mutation: You have a pair of small antennae on your
                  | head. [demonic ancestry]
   302 | D:1      | Reached XP level 2. HP: 17/24 MP: 2/2
   903 | D:1      | Found a faded altar of an unknown god.
  1439 | D:2      | Found Zyuruwni's Weapon Shoppe.
  1565 | D:2      | Gained mutation: You are partially covered in yellow
                  | scales. (AC +2) [demonic ancestry]
  1565 | D:2      | Reached XP level 3. HP: 25/29 MP: 3/3
  1818 | D:2      | Found a burning altar of Makhleb.
  1990 | D:2      | Reached skill level 4 in Axes
  2322 | D:3      | HP: 1/29 [water moccasin skeleton (3)]
  2324 | D:3      | Reached ** piety under Trog
  2325 | D:3      | Reached XP level 4. HP: 2/35 MP: 4/4
  2427 | D:3      | HP: 1/35 [scorpion zombie (3)]
  2432 | D:3      | Slain by a scorpion zombie

Illustrated notes

Levels and vault maps discovered:
D:1:      eino_arrival_cavern_a, layout_basic,
          shapermc_ecumenical_altar_flowoftime
D:2:      layout_loops_ring, serial_shops, nicolae_shop_bloodbath_and_beyond,
          basic_altar
D:3:      layout_basic, serial_undead, serial_undead_d, serial_undead_f,
          serial_undead_d, serial_undead_e, serial_shops, shop, st_stairs_11

Skill      XL: |  1  2  3 |
---------------+----------+-----
Axes           | 3 4 |  4.7
Fighting       | |  3.0
Armour         | |  1.7
Dodging        | |  1.7

Action                   |  1- 3 |  4- 6 || total
-------------------------+-------+-------++-------
Melee: Hand axe          |   139 |    12 ||   151
       Punch             |     4 |       ||     4
 Stab: Sleeping          |     1 |       ||     1
Armor: Animal skin       |     8 |       ||     8
       Scale mail        |    33 |     2 ||    35
Dodge: Dodged            |    92 |     6 ||    98

Table legend: (Time is in decaauts)
 A = Elapsed time spent in this place.
 B = Non-inter-level travel time spent in this place.
 C = Inter-level travel time spent in this place.
 D = Time resting spent in this place.
 E = Time spent auto-exploring this place.
 F = Levels seen in this place.
 G = Mean time per level.
                   A        B        C        D        E       F      G
               +--------+--------+--------+--------+--------+-----+--------+
         Total |   2450 |   2356 |     94 |      0 |   2017 |   3 |  816.7 |
       Dungeon |   2450 |   2356 |     94 |      0 |   2017 |   3 |  816.7 |
               +--------+--------+--------+--------+--------+-----+--------+

Top non-repeatable levels by time:
     D:1: 1379 daAuts
     D:2: 937 daAuts
     D:3: 133 daAuts
